 Dungeon Crawl Stone Soup version 0.26-a0-651-gb41185065b (webtiles) character file.

Game seed: 4762777969583278472

2987 Mesmaeker13 the Chucker (level 9, 0/81 HPs)
             Began as a Deep Dwarf Hunter on Oct 7, 2020.
             Was a Believer of Elyvilon.
             Slain by a vampire mosquito (2 damage)
             ... on level 8 of the Dungeon.
             The game lasted 00:23:11 (6833 turns).

Mesmaeker13 the Chucker (Deep Dwarf Hunter)         Turns: 6833, Time: 00:23:12

Health: 0/81       AC: 13    Str: 24    XL:     9   Next: 53%
Magic:  21/21 (12) EV: 12    Int: 12    God:    Elyvilon [**....]
Gold:   320        SH:  0    Dex: 14    Spells: 8/8 levels left

rFire    . . .     SeeInvis .   n - +2 hand axe (freeze)
rCold    . . .     Faith    .   (no shield)
rNeg     . . .     Spirit   .   u - +0 scale mail
rPois    .         Reflect  .   h - +0 helmet
rElec    .         Harm     .   s - +0 cloak
rCorr    .         Rampage  .   (no gloves)
MR       +....                  B - +2 pair of boots
Stlth    ..........             y - amulet of magic regeneration
HPRegen  0.00/turn              q - ring of magical power
MPRegen  0.42/turn              z - +6 ring of strength

@: protection, non-regenerating, drained
A: damage resistance, heal wounds, sense surroundings 2, no regeneration
a: Heal Wounds, Lesser Healing, Heal Other, Divine Protection, Renounce Religion


You were on level 8 of the Dungeon.
You worshipped Elyvilon.
Elyvilon was pleased with you.
You visited 2 branches of the dungeon, and saw 9 of its levels.
You also visited: Ossuary.

You collected 320 gold pieces.

Inventory:

Hand Weapons
 d - a +0 war axe
 f - a +1 short sword of venom
 n - a +2 hand axe of freezing (weapon)
 t - a +1 morningstar
Missiles
 D - 8 boomerangs (quivered)
 E - 4 javelins
Armour
 h - a +0 helmet (worn)
 l - a +0 chain mail
 s - a +0 cloak (worn)
 u - a +0 scale mail (worn)
 B - a +2 pair of boots (worn)
Jewellery
 i - an uncursed ring of resist corrosion
 q - a ring of magical power (left hand)
 r - an uncursed ring of fire
 y - an amulet of magic regeneration (around neck)
 z - a +6 ring of strength (right hand)
Scrolls
 k - 3 scrolls of enchant weapon
 m - 3 scrolls of remove curse
 o - a scroll of fog {unknown}
 x - 4 scrolls of teleportation
 C - 2 scrolls of amnesia {unknown}
 F - a scroll of blinking {unknown}
 G - a scroll of fear {unknown}
Potions
 a - 4 potions of haste
 b - a potion of might
 c - a potion of cancellation {unknown}
 e - 2 potions of stabbing {unknown}
 g - 3 potions of flight
 j - 5 potions of curing
 p - 2 potions of heal wounds
 v - 2 potions of brilliance {unknown}
 w - a potion of magic
 A - 2 potions of ambrosia {unknown}


   Skills:
 - Level 5.4(4.7) Fighting
 + Level 5.4(4.6) Axes
 + Level 7.2(6.4) Throwing
 + Level 5.9(5.1) Armour
 - Level 4.7(4.0) Dodging
 - Level 1.2(0.5) Stealth
 * Level 6.5(5.8) Invocations


You had 8 spell levels left.
You didn't know any spells.
Your spell library contained the following spells:

 Spells                   Type           Power        Failure   Level
 Corona                   Hex            #......      58%         1
 Ensorcelled Hibernation  Hex/Ice        #.....       75%         2
 Confusing Touch          Hex            #.......     92%         3
 Dazzling Flash           Conj/Hex       #.....       92%         3
 Tukima's Dance           Hex            #.......     92%         3


Dungeon Overview and Level Annotations

Branches:
Dungeon (8/15)             Temple (1/1) D:6         Ossuary (visited)
   Lair: D:8-11

Altars:
Ashenzari
Cheibriados
Dithmenos
Elyvilon
Fedhas
Gozag
Hepliaklqana
Kikubaaqudgha
Makhleb
Nemelex Xobeh
Okawaru
Qazlal
Ru
Sif Muna
Trog
Uskayaw
Vehumet
Wu Jian
Xom
Yredelemnul
Zin
The Shining One

Shops:
D:7 !

Annotations:
D:4 3 runed translucent doors, Mukuu's ghost, novice GnSu


Innate Abilities, Weirdness & Mutations

You are resistant to damage.
You can heal yourself by infusing magical energy.
You passively map the area around you.
You do not regenerate.


Message History

The vampire mosquito barely misses you.
The howler monkey hoots and howls with incredible vigour! x2
The vampire mosquito bites you!
* * * LOW HITPOINT WARNING * * *
The vampire mosquito draws strength from your injuries!
You hear an angry growl.
You hear an angry buzzing noise.
You beseech Elyvilon to protect your life.
The vampire mosquito bites you!
* * * LOW HITPOINT WARNING * * *
The vampire mosquito draws strength from your injuries!
The vampire mosquito bites you. Elyvilon protects you from harm!
The vampire mosquito draws strength from your injuries!
The howler monkey hits you but does no damage. x2
The vampire mosquito closely misses you.
The howler monkey hoots and howls with incredible vigour!
The vampire mosquito closely misses you.
You hear a shout!
The vampire mosquito bites you.
You die...

* , , ,* ....#.., , ** * ,
##.....h. , , , , ###......# ,, ,
, , ⌠####.).......# # ,,
*####.#........... ############
*#....#.(...#.....
...##.......###....#(...##..###*,
...##...###..#...hO(...## ##
#.......##...#..@yh...##
#.####..####....#.#(.##
..##.##.##.##...####.#
............#....#####
.#>##.............#
.......###.#.....## .....###
###..#### ...#.# #### ..####


You could see a vampire mosquito, an ogre and 2 howler monkeys.

Vanquished Creatures
  Grinder (D:6)
  2 orc warriors (D:7)
  2 ice beasts
  2 phantoms
  A necrophage (D:5)
  2 ogres
  5 centaurs
  A bullfrog (D:7)
  2 water moccasin zombies (Ossuary)
  A wyvern zombie (D:6)
  A scorpion (D:7)
  5 wights
  2 vampire bats (D:2)
  2 bullfrog zombies
  3 hounds
  Crazy Yiuf (D:3)
  A jelly (D:5)
  2 orc priests
  Ijyb (D:3)
  4 orc wizards
  2 worker ants
  5 big kobold zombies (Ossuary)
  A hound zombie (D:6)
  A hound skeleton (D:4)
  2 mummies (Ossuary)
  Robin (D:3)
  10 adders
  17 gnolls
  A shadow imp (D:7)
  2 white imps
  An ufetubus (D:6)
  An adder skeleton (D:4)
  7 adder zombies
  2 worms
  2 dart slugs
  6 leopard geckos
  22 orcs
  A ball python (D:3)
  8 bats
  2 bat skeletons (D:2)
  3 bat zombies (D:2)
  3 giant cockroaches
  2 gnoll zombies (Ossuary)
  15 goblins
  9 hobgoblins
  2 jackals (D:6)
  A quokka (D:7)
  4 frilled lizards
  4 hobgoblin zombies (Ossuary)
  5 kobolds
  3 kobold zombies (Ossuary)
  6 orc zombies (Ossuary)
  A quokka zombie (D:4)
  10 rats
  A rat zombie (D:4)
  A spectral orc (D:6)
205 creatures vanquished.

Vanquished Creatures (others)
  2 fungi (D:4)
  2 plants (D:4)
4 creatures vanquished.

Grand Total: 209 creatures vanquished

Notes
Turn   | Place    | Note
-------+----------+-------------------------------------------
     0 | D:1      | Mesmaeker13 the Deep Dwarf Hunter began the quest for the
                  | Orb.
     0 | D:1      | Reached XP level 1. HP: 19/19 MP: 1/1
   332 | D:1      | Reached XP level 2. HP: 26/26 MP: 2/2
   663 | D:1      | Reached skill level 4 in Throwing
   663 | D:1      | Reached XP level 3. HP: 11/33 MP: 3/3
   857 | D:2      | Reached XP level 4. HP: 30/40 MP: 4/4
  1171 | D:2      | Reached XP level 5. HP: 29/49 MP: 5/5
  1353 | D:2      | Found an ancient bone altar of Kikubaaqudgha.
  1907 | D:3      | Found an ornate altar of the Wu Jian Council.
  1988 | D:3      | Noticed an ice beast
  2007 | D:3      | Killed an ice beast
  2007 | D:3      | Reached skill level 5 in Throwing
  2007 | D:3      | Reached XP level 6. HP: 29/57 MP: 6/6
  2282 | D:3      | Found a runed translucent door.
  2283 | D:3      | Noticed Crazy Yiuf
  2294 | D:3      | Killed Crazy Yiuf
  2445 | D:3      | Noticed Ijyb
  2453 | D:3      | Killed Ijyb
  2559 | D:3      | Noticed Robin
  2572 | D:3      | Killed Robin
  2572 | D:3      | Reached skill level 1 in Armour
  3067 | D:3      | Reached XP level 7. HP: 20/64 MP: 7/7
  3169 | D:4      | Found a runed translucent gate.
  3170 | D:4      | Found a runed translucent gate.
  3170 | D:4      | Found a runed translucent gate.
  3171 | D:4      | Noticed Mukuu's ghost (novice GnSu)
  3175 | D:4      | Found a burning altar of Makhleb.
  3378 | D:4      | Found a sand-covered staircase.
  3387 | Ossuary  | Entered an ossuary
  3480 | Ossuary  | Reached skill level 1 in Axes
  4040 | D:5      | Entered Level 5 of the Dungeon
  4161 | D:5      | Reached XP level 8. HP: 20/73 MP: 7/7
  4180 | D:5      | Reached skill level 5 in Fighting
  4180 | D:5      | Reached skill level 6 in Throwing
  4637 | D:6      | Found a sparkling altar of Nemelex Xobeh.
  4680 | D:6      | Found a staircase to the Ecumenical Temple.
  4749 | Temple   | Entered the Ecumenical Temple
  4790 | Temple   | Became a worshipper of Elyvilon the Healer
  5233 | D:6      | Found a basalt altar of Yredelemnul.
  5316 | D:6      | Reached skill level 1 in Invocations
  5396 | D:6      | Noticed Grinder
  5413 | D:6      | Killed Grinder
  5694 | D:7      | Reached * piety under Elyvilon
  5768 | D:7      | Found Laack's Distillery.
  5859 | D:7      | HP: 2/75 [orc warrior/+0 war axe (10)]
  5862 | D:7      | Reached skill level 5 in Armour
  5862 | D:7      | Gained mutation: You passively map the area around you.
                  | [Deep Dwarf growth]
  5862 | D:7      | Reached XP level 9. HP: 33/81 MP: 10/10
  6154 | D:7      | Reached ** piety under Elyvilon
  6198 | D:7      | Reached skill level 5 in Invocations
  6612 | D:7      | Reached skill level 5 in Axes
  6612 | D:7      | Reached skill level 7 in Throwing
  6830 | D:8      | HP: 2/81 [vampire mosquito (6)]
  6830 | D:8      | Elyvilon protects you from harm!
  6833 | D:8      | Slain by a vampire mosquito

Illustrated notes

Levels and vault maps discovered:
D:1:      wander_arrival_peaceful_grave, layout_rooms
D:2:      layout_loops_cross, kennysheep_vampire_church, minmay_ruptured
D:3:      layout_loops_ring, nicolae_overflow_crystal_walls, uniq_robin,
          uniq_crazy_yiuf_cottage, uniq_ijyb
D:4:      layout_gridville, old_standard_altar, gammafunk_ghost_nasty_kobolds,
          enter_ossuary_4, eino_tiny_chamber
D:5:      layout_basic
D:6:      layout_loops_ring, yredelemnul_forgotten_temple_becter,
          minmay_temple_entry_large_hall, nemelex_lonely_heart_becter,
          uniq_grinder
D:7:      layout_cave_pods, kennysheep_windowed_goal
D:8:      kennysheep_spiral_hall, layout_cave_pools, uniq_pikel
Temple:   dpeg_five_rooms_temple

Skill      XL: |  1  2  3  4  5  6  7  8  9 |
---------------+----------------------------+-----
Fighting       | 2 3 4 5 |  5.4
Throwing       | 4 5 6 7 |  7.2
Dodging        | 3 4 |  4.7
Armour         | 1 3 5 |  5.9
Axes           | 2 4 5 |  5.4
Invocations    | 3 6 |  6.5
Stealth        | |  1.2

Action                   |  1- 3 |  4- 6 |  7- 9 || total
-------------------------+-------+-------+-------++-------
Melee: Short sword       |    82 |   151 |    25 ||   258
       Hand axe          |       |    22 |   411 ||   433
Throw: Dart              |    40 |    53 |    24 ||   117
       Javelin           |    12 |    25 |    26 ||    63
       Throwing net      |     3 |     3 |     1 ||     7
       Boomerang         |       |       |    58 ||    58
Invok: Lesser Healing    |       |       |     4 ||     4
       Divine Protection |       |       |     1 ||     1
 Abil: Heal Wounds       |     1 |     1 |     9 ||    11
  Use: Scroll            |     1 |     4 |     8 ||    13
       Potion            |       |     2 |     2 ||     4
 Stab: Sleeping          |       |     2 |       ||     2
Armor: Leather armour    |    19 |    28 |       ||    47
       Chain mail        |       |    31 |       ||    31
       Scale mail        |       |    14 |   226 ||   240
Dodge: Dodged            |    67 |   148 |   313 ||   528

Table legend: (Time is in decaauts)
 A = Elapsed time spent in this place.
 B = Non-inter-level travel time spent in this place.
 C = Inter-level travel time spent in this place.
 D = Time resting spent in this place.
 E = Time spent auto-exploring this place.
 F = Levels seen in this place.
 G = Mean time per level.
                   A        B        C        D        E       F      G
               +--------+--------+--------+--------+--------+-----+--------+
         Total |   6957 |   6544 |    413 |    573 |   3717 |  10 |  695.7 |
       Dungeon |   6376 |   6011 |    365 |    573 |   3530 |   8 |  797.0 |
        Temple |    246 |    198 |     48 |      0 |    187 |   1 |  246.0 |
       Ossuary |    333 |    333 |      0 |      0 |      0 |   1 |  333.0 |
               +--------+--------+--------+--------+--------+-----+--------+

Top non-repeatable levels by time:
     D:3: 1318 daAuts
     D:2: 1120 daAuts
     D:7: 954 daAuts
     D:4: 727 daAuts
     D:6: 720 daAuts
     D:1: 703 daAuts
     D:5: 639 daAuts
 Ossuary: 333 daAuts
  Temple: 246 daAuts
     D:8: 191 daAuts
